 Dungeon Crawl Stone Soup version 0.32-a0-931-g5a2cda0630 (webtiles) character file.

Game seed: 10480706627528512120

342545 runemasterragnar the Wrestler (level 22, -1/204 HPs)
             Began as an Octopode Shapeshifter on Apr 14, 2024.
             Was an Initiate of Gozag.
             Killed from afar by a purple draconian (38 damage)
             ... with a bolt of dispelling energy
             ... on level 4 of the Depths.
             The game lasted 01:11:18 (42682 turns).

runemasterragnar the Wrestler (OpSh)               Turns: 42682, Time: 01:11:19

Health: -1/204     AC: 35    Str: 34    XL:     22   Next: 3%
Magic:  22/22      EV: 33    Int: 16    God:    Gozag
Gold:   10240      SH:  5    Dex: 21    Spells: 14/21 levels left

rFire   . .          .
                       - Unarmed
rCold   . . .        (no shield)
rNeg    + . .        (helmet restricted)
rPois   ∞            N - amulet "Tyteideh" {Reflect rPois Str+3 Int+3 SH+5}
rElec   +            h - +5 ring of evasion
rCorr   +            v - +5 ring of evasion
SInv    .            D - +4 ring of protection
Will    ++...        L - ring of willpower
Stlth   +++++++++    P - ring "Sataum" {rElec AC+4 Str+2 Dex+3}
HPRegen 0.54/turn    S - +6 ring of strength
MPRegen 0.18/turn    s - +6 ring of dexterity
                     A - ring of resist corrosion

%: reflection
@: statue-form, corroded, very slow
A: slow and powerful, torment resistance 1, boosted hp, almost no armour,
amphibious, 8 rings, camouflage 1, (gelatinous body 1), (nimble swimmer 1),
tentacles
}: 2/15 runes: decaying, gossamer
a: Begin Untransformation, Renounce Religion, Potion Petition, Call Merchant,
Bribe Branch


You were on level 4 of the Depths.
You worshipped Gozag.
Gozag was extremely pleased with you.
You were a living statue of rough stone.
You visited 8 branches of the dungeon, and saw 39 of its levels.
You visited the Abyss 1 time.

You collected 18081 gold pieces.
You spent 3202 gold pieces at shops.
You paid 4639 gold pieces to Gozag.

Inventory:

Armour
 c - a +0 kite shield
 g - the Charlatan's Orb {orb Evoboost}
   (You found it on level 4 of the Swamp)

   It massively reduces your stealth.
   It interferes with translocations, delaying teleports.
   Evoboost:  It boosts the power of your evoked items.
Jewellery
 h - a +5 ring of evasion (left tentacle)
 s - a +6 ring of dexterity (on tentacle)
 v - a +5 ring of evasion (right tentacle)
 A - a ring of resist corrosion (on tentacle)
 D - a +4 ring of protection (on tentacle)
 L - a ring of willpower (on tentacle)
 N - the amulet "Tyteideh" (around mantle) {Reflect rPois Str+3 Int+3 SH+5}
   (You bought it in a shop on level 1 of the Lair of Beasts)

   [amulet of reflection]

   Reflect:   It reflects blocked missile attacks.
   Str+3:     It affects your strength (+3).
   Int+3:     It affects your intelligence (+3).
   rPois:     It protects you from poison.
   SH+5:      It affects your SH (+5).
 P - the ring "Sataum" (on tentacle) {rElec AC+4 Str+2 Dex+3}
   (You bought it in a shop on level 1 of the Lair of Beasts)

   [ring of protection]

   AC+4:      It affects your AC (+4).
   Str+2:     It affects your strength (+2).
   Dex+3:     It affects your dexterity (+3).
   rElec:     It insulates you from electricity.
 S - a +6 ring of strength (on tentacle)
 T - a ring of flight
 U - a ring of ice
 V - a ring of wizardry
Talismans
 F - a granite talisman (active)
 Q - the blade talisman of Dice, Bag, and Bottle {Dex+4}
   (You found it on level 3 of the Lair of Beasts)

   [blade talisman]

   Dex+4:     It affects your dexterity (+4).
Wands
 q - a wand of paralysis (28)
 z - a wand of polymorph (20)
 B - a wand of light (13)
 J - a wand of digging (10)
 R - a wand of iceblast (30)
 Y - a wand of flame (17)
 Z - a wand of mindburst (15)
Scrolls
 b - 3 scrolls of fear
 d - 13 scrolls of teleportation
 f - 10 scrolls of fog
 k - 3 scrolls of immolation
 m - 7 scrolls of revelation
 n - 5 scrolls of amnesia
 p - 10 scrolls of vulnerability
 r - a scroll of blinking
 w - a scroll of butterflies
 x - 5 scrolls of enchant armour
 C - 2 scrolls of silence
 K - a scroll of enchant weapon
 O - 17 scrolls of identify
Potions
 a - 8 potions of lignification
 e - 13 potions of curing
 i - 11 potions of attraction
 j - 5 potions of might
 l - 7 potions of heal wounds
 t - 4 potions of haste
 u - 7 potions of mutation
 E - 3 potions of invisibility
 G - 3 potions of cancellation
 H - 5 potions of resistance
 I - 8 potions of ambrosia
 M - 2 potions of berserk rage
 W - 3 potions of magic
 X - 8 potions of enlightenment
Miscellaneous
 o - a phial of floods
 y - a phantom mirror


   Skills:
 + Level 15.1 Fighting
 + Level 15.2 Dodging
 + Level 20.1 Stealth
 * Level 21.0 Unarmed Combat
 - Level 12.4 Evocations
 + Level 18.0 Shapeshifting


You had 14 spell levels left.
You knew the following spells:

 Your Spells              Type           Power      Damage    Failure   Level
a - Manifold Assault      Tloc           0%         N/A       100%        7

Your spell library contained the following spells:

 Spells                   Type           Power      Damage    Failure   Level
 Apportation              Tloc           0%         N/A       26%         1
 Foxfire                  Conj/Fire      0%         2x1d4     26%         1
 Magic Dart               Conj           0%         1d3       26%         1
 Necrotise                Necr           0%         1d4       26%         1
 Sandblast                Erth           0%         2d4       26%         1
 Sting                    Conj/Alch      0%         1d3       26%         1
 Summon Small Mammal      Summ           0%         N/A       26%         1
 Blink                    Tloc           0%         N/A       36%         2
 Call Imp                 Summ           0%         N/A       36%         2
 Cigotuvi's Dreadful Rot  Necr/Alch/Air  0%         N/A       36%         2
 Ensorcelled Hibernation  Hex/Ice        0%         N/A       36%         2
 Jinxbite                 Hex            0%         N/A       36%         2
 Static Discharge         Conj/Air       0%         3-3/arc   36%         2
 Call Canine Familiar     Summ           0%         N/A       58%         3
 Dazzling Flash           Conj/Hex       0%         N/A       58%         3
 Fugue of the Fallen      Necr           0%         N/A       58%         3
 Mephitic Cloud           Conj/Alch/Air  0%         N/A       58%         3
 Ozocubu's Armour         Ice            0%         N/A       58%         3
 Passwall                 Erth           0%         N/A       58%         3
 Sigil of Binding         Hex            0%         N/A       58%         3
 Stone Arrow              Conj/Erth      0%         3d7       58%         3
 Summon Ice Beast         Ice/Summ       0%         N/A       58%         3
 Swiftness                Air            0%         N/A       58%         3
 Teleport Other           Tloc           0%         N/A       58%         3
 Airstrike                Air            0%         2d(0-16)  94%         4
 Brom's Barrelling Bould  Conj/Erth      0%         2d3       94%         4
 Cause Fear               Hex            0%         N/A       94%         4
 Dimensional Bullseye     Hex/Tloc       0%         N/A       94%         4
 Ignite Poison            Fire/Alch      0%         N/A       94%         4
 Leda's Liquefaction      Alch/Erth      0%         N/A       94%         4
 Passage of Golubria      Tloc           0%         N/A       94%         4
 Petrify                  Alch/Erth      0%         N/A       94%         4
 Summon Blazeheart Golem  Fire/Summ      0%         N/A       94%         4
 Summon Lightning Spire   Summ/Air       0%         N/A       94%         4
 Vhi's Electric Charge    Tloc/Air       0%         N/A       94%         4
 Alistair's Intoxication  Alch           0%         N/A       100%        5
 Arcjolt                  Conj/Air       0%         1d10      100%        5
 Borgnjor's Vile Clutch   Necr/Erth      0%         N/A       100%        5
 Curse of Agony           Necr           0%         N/A       100%        5
 Fireball                 Conj/Fire      0%         3d3       100%        5
 Freezing Cloud           Conj/Ice/Air   0%         6-21      100%        5
 Irradiate                Conj/Alch      0%         3d11      100%        5
 Iskenderun's Battlesphe  Conj           0%         2d6       100%        5
 Silence                  Hex/Air        0%         N/A       100%        5
 Summon Forest            Summ/Tloc      0%         N/A       100%        5
 Summon Mana Viper        Hex/Summ       0%         N/A       100%        5
 Conjure Ball Lightning   Conj/Air       0%         3x3d6     100%        6
 Dispersal                Tloc           0%         N/A       100%        6
 Gell's Gavotte           Tloc           0%         2d(11-16) 100%        6
 Plasma Beam              Fire/Air       0%         2x1d10    100%        6
 Starburst                Conj/Fire      0%         6d3       100%        6
 Summon Cactus Giant      Summ           0%         N/A       100%        6
 Haunt                    Necr/Summ      0%         N/A       100%        7
 Monstrous Menagerie      Summ           0%         N/A       100%        7
 Orb of Destruction       Conj           0%         9d5       100%        7
 Spellforged Servitor     Conj/Summ      0%         N/A       100%        7
 Summon Hydra             Summ           0%         N/A       100%        7
 Disjunction              Tloc           0%         N/A       100%        8
 Infestation              Necr           0%         N/A       100%        8
 Lehudib's Crystal Spear  Conj/Erth      0%         10d2      100%        8
 Dragon's Call            Summ           0%         N/A       100%        9
 Sublimation of Blood     Necr           Unusable   N/A       N/A         2
 Animate Armour           Summ/Erth      Unusable   N/A       N/A         4
 Animate Dead             Necr           Unusable   N/A       N/A         4

Dungeon Overview and Level Annotations

Branches:
Dungeon (15/15)            Temple (1/1) D:6            Lair (5/5) D:8
  Swamp (4/4) Lair:3       Spider (4/4) Lair:2        Slime (0/5) Lair:4
    Orc (2/2) D:9             Elf (0/3) Orc:2        Vaults (4/5) D:14
  Crypt (0/3) Vaults:3     Depths (4/4) D:15
    Zot: Depths:4

Altars:
Ashenzari
Cheibriados
Dithmenos
Elyvilon
Fedhas
Gozag
Hepliaklqana
Kikubaaqudgha
Makhleb
Nemelex Xobeh
Okawaru
Qazlal
Ru
Sif Muna
Trog
Uskayaw
Vehumet
Wu Jian
Xom
Yredelemnul
Zin
The Shining One
Beogh
Jiyva
Lugonu

Shops:
D:2 [   Orc:1 [   Orc:2 ?[([   Lair:1 =   Vaults:3 =   Vaults:4 =   Depths:3 =
Depths:4 !*:(

Portals:
Hell: Depths:2 Depths:3
Abyss: Depths:3
Pandemonium: Depths:2 Depths:3
Ziggurat: Depths:3

Annotations:
Lair:2 exclusion: oklob plant
Lair:4 2 transporters, tweeg707's ghost, journeyman DjFE


Innate Abilities, Weirdness & Mutations

You are a living statue of rough stone.
Your actions are slow, but your melee attacks are powerful.
You are resistant to unholy torment.
Your maximum health is greatly increased.
You cannot wear most types of armour.
You are amphibious.
You can wear up to eight rings at the same time.
You are immune to poison.
Your skin changes colour to match your surroundings (Stealth+).
((Your rubbery body absorbs attacks. (AC +1, EV +1)))
((You are camouflaged when in or above water. (Stealth+)))
You have tentacles for arms and can constrict up to eight enemies at once.


Message History

The red draconian closely misses you.
You thrash the red draconian!!!
The red draconian is severely wounded.
You constrict the purple draconian. You constrict the red draconian.
The purple draconian closely misses you.
You block the yellow draconian's attack.
The red draconian barely misses you.
Unknown command.
You thrash the red draconian!!!
You kill the red draconian!
You constrict the purple draconian. The yellow draconian spits acid at you.
The splash of acid hits you but does no damage.
The purple draconian breathes dispelling energy at you.
The bolt of dispelling energy hits you!!
* * * LOW HITPOINT WARNING * * *
Your Shapeshifting skill increases to level 18!
As you read the scroll of fear, it crumbles to dust.
You assume a fearsome visage.
The purple draconian resists with almost no effort.
The yellow draconian easily resists.
You constrict the purple draconian! The yellow draconian spits acid at you.
The splash of acid hits you! You resist.
* * * LOW HITPOINT WARNING * * *
The acid corrodes you!
The purple draconian hits you but does no damage.
The yellow draconian spits acid at you. The splash of acid hits you.
You resist.
* * * LOW HITPOINT WARNING * * *
The purple draconian closely misses you.
Blink to where?
Press: ? - help, Dir - move target You lose your grip on something.
As you read the scroll of blinking, it crumbles to dust.
There is a stone staircase leading up here.
The purple draconian breathes dispelling energy at you.
The bolt of dispelling energy hits you!!!
Your magical effects are unravelling.
You die...
Your body crumbles into a pile of gold.

#♣...........♣#
###.............#..###.#
#...⌠.∩..#..∩.⌠......#.#
..#.............#......
..#♣...........♣#....#
..##♣....∩....♣##....#
...##♣.......♣##.....#
##'###♣..⌠..♣##.....###
#...# #♣...♣# #.I.....#
....#####.#####.......#
......................#
.................[....#
......$§..d..##......##
#####d################
.....k.d.......##
...#...#.....#####
........d....#q#.#


You could see a purple draconian (catching breath).

Vanquished Creatures
  Margery (Depths:3)
  Norris (Vaults:2)
  2 tentacled monstrosities (Depths:2)
  Jorgrun (D:13)
  2 liches
  Rupert (D:13)
  A quicksilver dragon (Depths:3)
  A walking divine tome (Depths:2)
  5 sphinxes
  A searing wretch (Depths:3)
  A tentacled starspawn (Abyss:4)
  A tengu reaver (D:14)
  2 shadow dragons (Depths:2)
  3 thorn hunters
  Donald (Orc:2)
  3 fire giants
  6 frost giants
  An emperor scorpion (Spider:4)
  Louise (Spider:3)
  12 vault wardens
  7 ghost moths
  A balrug (Abyss:4)
  A deep elf elementalist (Abyss:4)
  14 ironbound preservers
  2 spriggan defenders (Depths:3)
  3 orc warlords
  2 formless jellyfish
  A broodmother (Spider:4)
  A caustic shrike skeleton (Depths:2)
  A deep elf death mage (Depths:3)
  A vampire knight (Depths:2)
  3 eleionomae
  9 stone giants
  5 ironbound thunderhulks
  A red draconian (Depths:4)
  8 very ugly things (Depths:3)
  A war gargoyle (Vaults:4)
  Azrael (D:12)
  6 dire elephants
  12 spark wasps
  5 bunyips
  9 fire dragons
  6 ettins
  A crystal guardian (Vaults:2)
  5 great orbs of eyes
  4 entropy weavers
  7 yaktaur captains
  Harold (Lair:2)
  A deep elf high priest (D:14)
  2 vault guards
  A rakshasa (Depths:3)
  A hell beast (Depths:2)
  7 ice dragons
  2 spriggan air magi
  A spriggan skeleton (Depths:2)
  14 hydras
  2 peacekeepers
  8 radroaches
  A death knight (D:14)
  9 boulder beetles
  2 jorogumos (Spider:3)
  12 centaur warriors
  A ghost crab (Swamp:3)
  9 ironbound frosthearts
  10 alligators
  3 two-headed ogres
  7 death yaks
  2 deep troll earth magi (Depths:3)
  Urug (D:14)
  3 vampire magi
  3 tengu warriors
  5 demonic crawlers
  3 deep troll shamans (Depths:3)
  A shock serpent (shapeshifter) (Depths:3)
  7 spriggan berserkers
  An occultist (Depths:1)
  5 hell knights
  A soul eater (Depths:3)
  7 sun demons
  A wretched star (Abyss:4)
  Sonja (Lair:5)
  6 iron trolls (Depths:3)
  3 skysharks (Vaults:2)
  A sixfirhy (Depths:2)
  A golden dragon zombie (Depths:2)
  3 skeletal warriors (D:15)
  6 pharaoh ants
  7 goliath frogs
  6 glowing orange brains
  12 orb spiders
  A sun moth (shapeshifter) (Depths:1)
  41 deep trolls
  A flayed ghost (Depths:2)
  4 sun moths
  8 bog bodies
  2 spriggan druids
  3 large abominations (Abyss:4)
  5 necromancers
  7 arcanists
  2 phantasmal warriors
  3 lindwurms
  12 ironbound convokers
  9 swamp dragons
  5 steelbarb worms
  2 obsidian bats (Orc:2)
  6 orc knights
  3 orc sorcerers
  7 deep elf pyromancers
  A fire giant zombie (Depths:2)
  A spriggan simulacrum (Abyss:4)
  A stone giant zombie (Depths:2)
  30 ugly things
  6 cyclopes
  31 wolf spiders
  5 manticores
  A faun (shapeshifter) (D:14)
  A salamander (Depths:2)
  A frost giant zombie (Depths:2)
  An elephant (shapeshifter) (Depths:3)
  7 will-o-the-wisps
  5 moths of wrath
  A worldbinder (Abyss:4)
  A meliai (Spider:4)
  8 kobold blastminers
  4 elephants (Lair:5)
  A titan simulacrum (Depths:2)
  5 black mambas
  2 molten gargoyles
  An eye of devastation (shapeshifter) (Depths:3)
  7 torpor snails
  14 vault sentinels
  2 smoke demons
  8 cane toads
  An unseen horror (shapeshifter) (D:14)
  20 yaktaurs
  4 tengu conjurers
  4 kobold demonologists (D:11)
  6 komodo dragons
  A hellion (Depths:3)
  4 rime drakes
  A freezing wraith (D:14)
  A queen bee (Lair:2)
  A bloated husk (Swamp:1)
  A queen bee (shapeshifter) (D:15)
  3 polar bears
  14 tyrant leeches
  32 jumping spiders
  33 tarantellas
  4 trolls
  16 hornets
  12 blink frogs
  A glass eye (Depths:2)
  7 dream sheep (Lair:2)
  17 culicivoras
  12 slime creatures
  13 spriggans
  A shadow (D:13)
  A vampire (D:12)
  A water elemental (Depths:3)
  31 yaks
  A yak (shapeshifter) (D:13)
  5 wraiths
  16 humans (D:13)
  4 wyverns
  2 fire elementals (D:12)
  4 steam dragons (Lair:5)
  6 basilisks
  6 wargs
  49 redbacks
  14 vampire mosquitoes
  9 swamp worms
  A small abomination (Abyss:4)
  4 hell hounds (D:12)
  4 acid dragons
  15 water moccasins
  12 swamp drakes
  7 ogres
  10 laughing skulls
  32 orc warriors
  A black bear (Lair:4)
  A boggart (Vaults:2)
  24 wolves
  A phantom (D:4)
  11 centaurs
  5 kobold brigands
  6 bullfrogs
  Blork the orc (D:4)
  4 scorpions
  2 gnoll sergeants
  23 wights
  24 killer bees (Lair:2)
  3 howler monkeys (D:8)
  An electric eel (Lair:3)
  A bombardier beetle (D:3)
  A jelly (D:8)
  2 gnoll boudas
  6 hounds
  22 orc priests
  2 sleepcaps (D:5)
  Ijyb (D:3)
  10 iguanas
  22 orc wizards
  14 gnolls
  10 adders
  4 white imps
  A ribbon worm (D:3)
  4 dart slugs
  88 orcs
  7 ball pythons
  An endoplasm (D:2)
  3 giant cockroaches
  6 goblins
  5 hobgoblins
  10 jackals
  2 quokkas
  11 bats
  6 frilled lizards
  18 kobolds
  23 rats
  A lurking horror (Abyss:4)
1441 creatures vanquished.

Vanquished Creatures (others)
  A black mamba (Lair:5)
  A wight (D:5)
  12 foxfires
  3 starspawn tentacles (Abyss:4)
17 creatures vanquished.

Grand Total: 1458 creatures vanquished

Notes
Turn   | Place    | Note
-------+----------+-------------------------------------------
     0 | D:1      | runemasterragnar the Octopode Shapeshifter began the quest
                  | for the Orb.
     0 | D:1      | Reached XP level 1. HP: 13/13 MP: 1/1
    37 | D:1      | Reached XP level 2. HP: 5/18 MP: 2/2
   464 | D:1      | Reached skill level 1 in Stealth
   464 | D:1      | Reached XP level 3. HP: 5/23 MP: 3/3
  1007 | D:1      | You fall into a shaft and drop 1 floor!
  1030 | D:2      | Reached XP level 4. HP: 29/29 MP: 4/4
  1234 | D:2      | Found Ohumino's Antique Armour Shoppe.
  1984 | D:3      | Reached skill level 4 in Unarmed Combat
  2124 | D:3      | Reached XP level 5. HP: 33/34 MP: 5/5
  2201 | D:3      | Noticed Ijyb
  2203 | D:3      | Paralysed by Ijyb for 2 turns
  2207 | D:3      | Paralysed by Ijyb for 2 turns
  2214 | D:3      | Killed Ijyb
  2583 | D:3      | Reached XP level 6. HP: 22/41 MP: 6/6
  2784 | D:4      | Noticed Blork the orc
  2792 | D:4      | Killed Blork the orc
  2877 | D:4      | Reached skill level 5 in Unarmed Combat
  2877 | D:4      | Reached XP level 7. HP: 43/46 MP: 7/7
  3030 | D:4      | Found a basalt altar of Yredelemnul.
  3415 | D:5      | Entered Level 5 of the Dungeon
  3819 | D:5      | Found a stormy altar of Qazlal.
  3859 | D:5      | Reached skill level 6 in Unarmed Combat
  3859 | D:5      | Reached XP level 8. HP: 43/54 MP: 8/8
  3932 | D:5      | Found a sacrificial altar of Ru.
  4365 | D:5      | Reached skill level 5 in Stealth
  4450 | D:5      | Reached skill level 7 in Unarmed Combat
  4557 | D:6      | Found a staircase to the Ecumenical Temple.
  4567 | Temple   | Entered the Ecumenical Temple
  4865 | D:6      | Reached XP level 9. HP: 59/59 MP: 9/9
  4964 | D:6      | Found a radiant altar of Vehumet.
  4967 | D:6      | Found an opulent altar of Gozag.
  4973 | D:6      | Found a shadowy altar of Dithmenos.
  4975 | D:6      | Became a worshipper of Gozag Ym Sagoz the Greedy
  4977 | D:6      | Found a glowing golden altar of the Shining One.
  4979 | D:6      | Found a shimmering altar of Xom.
  4984 | D:6      | Found a shimmering blue altar of Sif Muna.
  5015 | D:6      | Reached skill level 5 in Shapeshifting
  5063 | D:6      | Reached skill level 5 in Dodging
  5328 | D:6      | Found a glowing silver altar of Zin.
  5917 | D:7      | Found a blossoming altar of Fedhas.
  5981 | D:7      | Reached skill level 5 in Fighting
  6479 | D:7      | Reached skill level 8 in Unarmed Combat
  7094 | D:8      | Found a staircase to the Lair.
  7115 | D:8      | Reached skill level 1 in Evocations
  7254 | D:8      | Reached XP level 10. HP: 66/66 MP: 10/10
  8364 | D:9      | Found a hide-covered altar of Uskayaw.
  8386 | D:9      | Reached skill level 5 in Evocations
  8681 | D:9      | Identified a scroll of acquirement
  8682 | D:9      | Acquired a granite talisman
  8696 | D:9      | Found a sparkling altar of Nemelex Xobeh.
  8742 | D:9      | Noticed an eight-headed hydra
  8779 | D:10     | Entered Level 10 of the Dungeon
  9096 | D:10     | Noticed a cyclops
  9214 | D:10     | Killed a cyclops
  9848 | D:11     | Noticed a kobold demonologist
  9853 | D:11     | Killed a kobold demonologist
  9991 | D:11     | Reached XP level 11. HP: 72/72 MP: 11/11
 10013 | D:11     | Noticed a two-headed ogre
 10023 | D:11     | Killed a two-headed ogre
 10024 | D:11     | Reached skill level 10 in Shapeshifting
 10027 | D:11     | Noticed a purple ugly thing
 10080 | D:9      | Found a roughly hewn altar of Beogh.
 10080 | D:9      | Found a staircase to the Orcish Mines.
 10401 | Lair:1   | Entered Level 1 of the Lair of Beasts
 10721 | D:11     | Killed a purple ugly thing
 11606 | Orc:1    | Entered Level 1 of the Orcish Mines
 11736 | Orc:2    | Entered Level 2 of the Orcish Mines
 13020 | Lair:1   | Noticed a boulder beetle
 13038 | Lair:1   | Killed a boulder beetle
 13545 | Lair:1   | Bought the amulet "Tyteideh" {Reflect rPois Str+3 Int+3
                  | SH+5} for 807 gold pieces
 13588 | Lair:2   | Reached XP level 12. HP: 77/77 MP: 12/12
 14360 | Lair:2   | Found a hole to the Spider Nest.
 14364 | Lair:2   | Noticed Harold
 14563 | Lair:2   | Reached skill level 15 in Shapeshifting
 14630 | Lair:2   | Killed Harold
 15313 | Lair:1   | Bought the ring "Sataum" {rElec AC+4 Str+2 Dex+3} for 907
                  | gold pieces
 15473 | Lair:3   | Found a staircase to the Swamp.
 15566 | Lair:3   | Reached XP level 13. HP: 76/81 MP: 13/13
 16112 | Lair:3   | Identified the +1 scale mail of Fun and Games {rN+ Str+3}
 16135 | Lair:3   | Got Zikewest's Vademecum on the Xenolith
 16242 | Lair:3   | Identified the blade talisman of Dice, Bag, and Bottle
                  | {Dex+4}
 16569 | Lair:4   | Reached skill level 9 in Unarmed Combat
 16655 | Lair:4   | Found a staircase to the Slime Pits.
 16655 | Lair:4   | Found a viscous altar of Jiyva.
 16864 | Lair:4   | Found a transporter.
 16882 | Lair:4   | Noticed tweeg707's ghost (journeyman DjFE)
 16882 | Lair:4   | Found the +2 pair of slick slippers {slick, slippery, EV+4}
 17039 | Lair:4   | Found a transporter.
 17584 | Orc:2    | Found a roughly hewn altar of Beogh.
 17653 | Orc:2    | Noticed Donald
 17665 | Orc:2    | Killed Donald
 17831 | Orc:2    | Paralysed by an orc sorcerer for 2 turns
 17837 | Orc:2    | Noticed an orc warlord
 17869 | Orc:2    | Killed an orc warlord
 17894 | Orc:2    | Reached skill level 10 in Unarmed Combat
 17899 | Orc:2    | Found a roughly hewn altar of Beogh.
 18125 | Orc:2    | Found a staircase to the Elven Halls.
 18199 | Orc:2    | Found a roughly hewn altar of Beogh.
 18221 | Orc:2    | Found Luddess's Magic Scroll Emporium.
 18226 | Orc:2    | Bought a scroll of acquirement for 780 gold pieces
 18226 | Orc:2    | Acquired 1039 gold pieces
 18231 | Orc:2    | Bought a scroll of fog for 60 gold pieces
 18231 | Orc:2    | Bought a scroll of revelation for 112 gold pieces
 18231 | Orc:2    | Bought a scroll of identify for 30 gold pieces
 18231 | Orc:2    | Bought a scroll of identify for 30 gold pieces
 18311 | Orc:2    | Found a roughly hewn altar of Beogh.
 18312 | Orc:2    | Found Ocaol's Antique Armour Shop.
 18377 | Orc:2    | Reached XP level 14. HP: 90/90 MP: 14/14
 18456 | Orc:2    | Found Omut Jik's Antique Weapon Boutique.
 18461 | Orc:2    | Found a roughly hewn altar of Beogh.
 18463 | Orc:2    | Found Ytuff's Antique Armour Shop.
 18501 | Orc:2    | Found a roughly hewn altar of Beogh.
 18790 | Orc:1    | Found Fechilel's Antique Armour Shop.
 19103 | D:12     | Noticed Azrael
 19123 | D:12     | Killed Azrael
 19177 | D:12     | Reached skill level 10 in Stealth
 19269 | D:12     | Reached skill level 11 in Unarmed Combat
 19929 | D:13     | Found a radiant altar of Vehumet.
 19930 | D:13     | Noticed Jorgrun
 19937 | D:13     | Killed Jorgrun
 20011 | D:14     | Noticed Rupert
 20011 | D:14     | Noticed Urug
 20011 | D:14     | Found a gate to the Vaults.
 20026 | D:13     | Killed Rupert
 20130 | D:14     | Killed Urug
 20296 | D:14     | Found a sacrificial altar of Ru.
 20366 | D:14     | Reached skill level 12 in Unarmed Combat
 20581 | D:14     | Reached XP level 15. HP: 99/99 MP: 15/15
 20852 | D:14     | Noticed a sphinx
 20862 | D:14     | Noticed a tengu reaver
 20874 | D:14     | Killed a sphinx
 21303 | D:14     | Killed a tengu reaver
 21935 | Lair:5   | Entered Level 5 of the Lair of Beasts
 22269 | Lair:5   | Reached skill level 13 in Unarmed Combat
 22403 | Lair:5   | Noticed Sonja
 22417 | Lair:5   | Killed Sonja
 23620 | Swamp:1  | Entered Level 1 of the Swamp
 24212 | Swamp:1  | Reached XP level 16. HP: 108/108 MP: 16/16
 24413 | Swamp:2  | Reached skill level 10 in Evocations
 24809 | Swamp:2  | Reached skill level 14 in Unarmed Combat
 24851 | Swamp:2  | Reached skill level 10 in Dodging
 25427 | Swamp:3  | Noticed a thorn hunter
 25428 | Swamp:3  | Reached skill level 10 in Fighting
 25433 | Swamp:3  | Noticed a thorn hunter
 25769 | Spider:1 | Entered Level 1 of the Spider Nest
 25972 | Spider:1 | You fall into a shaft and drop 1 floor!
 26402 | Spider:1 | Identified the +12 flail of Watchfulness {freeze, rPois
                  | rN++ Dex-2}
 27056 | Spider:3 | Reached skill level 15 in Unarmed Combat
 27120 | Spider:2 | Reached XP level 17. HP: 33/116 MP: 1/17
 27183 | Spider:3 | HP: 5/150 [disintegration (31)]
 28227 | Spider:3 | Learned a level 7 spell: Manifold Assault
 28443 | Spider:3 | Noticed Louise
 28454 | Spider:3 | Killed Louise
 29327 | Spider:4 | Entered Level 4 of the Spider Nest
 29574 | Spider:4 | Reached skill level 15 in Stealth
 29885 | Spider:4 | Reached skill level 16 in Unarmed Combat
 30188 | Spider:4 | Got a gossamer rune of Zot
 30517 | Spider:4 | Reached XP level 18. HP: 125/125 MP: 18/18
 31443 | Swamp:4  | Entered Level 4 of the Swamp
 31445 | Swamp:4  | Found the Charlatan's Orb {orb Evoboost}
 31845 | Swamp:4  | Reached skill level 17 in Unarmed Combat
 32448 | Swamp:4  | Got a decaying rune of Zot
 32496 | Swamp:4  | Identified the +0 battleaxe of Xethetaiwo {heavy, *Corrode
                  | rElec rF+ rN+ Dex+4}
 32770 | D:15     | Entered Level 15 of the Dungeon
 33322 | D:15     | Found a staircase to the Depths.
 33617 | Vaults:1 | Entered Level 1 of the Vaults
 33697 | Vaults:1 | Reached XP level 19. HP: 133/133 MP: 19/19
 34209 | Vaults:1 | Reached skill level 18 in Unarmed Combat
 34257 | Vaults:1 | Identified the +9 shortbow "Ragesi" {drain, rF+ Int+4}
 35085 | Vaults:2 | Noticed Norris
 35085 | Abyss:4  | Cast into level 4 of the Abyss (vault warden)
 35095 | Abyss:4  | Found a corrupted altar of Lugonu.
 35285 | Vaults:2 | Escaped the Abyss
 35303 | Vaults:2 | Killed Norris
 36661 | Vaults:3 | Found Biank's Jewellery Emporium.
 36714 | Vaults:3 | Reached XP level 20. HP: 141/141 MP: 20/20
 36881 | Vaults:3 | Reached skill level 19 in Unarmed Combat
 37503 | Vaults:3 | Found a staircase to the Crypt.
 38556 | Vaults:4 | Found Ohabb's Jewellery Shoppe.
 38885 | Depths:1 | Entered Level 1 of the Depths
 39154 | Depths:1 | Reached XP level 21. HP: 141/148 MP: 21/21
 39278 | Depths:1 | You fall into a shaft and drop 1 floor!
 39295 | Depths:2 | Found a one-way gate leading to the halls of Pandemonium.
 39495 | Depths:2 | Reached skill level 20 in Unarmed Combat
 39653 | Depths:2 | Found a gateway to Hell.
 39717 | Depths:2 | Identified the +6 orcbow of Zin's Envy {freeze, Int+7}
 40521 | Depths:3 | Found a corrupted altar of Lugonu.
 40521 | Depths:3 | Found a one-way gate to the infinite horrors of the Abyss.
 40775 | Depths:3 | Found a one-way gateway to a ziggurat.
 40836 | Depths:3 | Noticed Margery
 40868 | Depths:3 | Killed Margery
 41217 | Depths:3 | Reached skill level 15 in Dodging
 41217 | Depths:3 | Found Saoq Ysa's Jewellery Shoppe.
 41455 | Depths:3 | Identified the +1 long sword "Qaloh" {venom, Stlth+}
 41472 | Depths:3 | Reached skill level 15 in Fighting
 42547 | Depths:3 | Reached skill level 21 in Unarmed Combat
 42549 | Depths:3 | Reached XP level 22. HP: 157/157 MP: 22/22
 42603 | Depths:4 | Entered Level 4 of the Depths
 42613 | Depths:4 | Found Zaqis's Book Emporium.
 42615 | Depths:4 | Found Wyitagg's Antique Weapon Emporium.
 42615 | Depths:4 | Found Zal Kix's Distillery.
 42620 | Depths:4 | Found Jyc Leil's General Store.
 42626 | Depths:4 | Bought a scroll of teleportation for 36 gold pieces
 42626 | Depths:4 | Bought a potion of might for 48 gold pieces
 42629 | Depths:4 | Bought a potion of haste for 140 gold pieces
 42629 | Depths:4 | Bought a potion of curing for 42 gold pieces
 42629 | Depths:4 | Bought a potion of might for 56 gold pieces
 42629 | Depths:4 | Bought a potion of curing for 42 gold pieces
 42629 | Depths:4 | Bought a potion of heal wounds for 70 gold pieces
 42629 | Depths:4 | Bought a potion of curing for 42 gold pieces
 42682 | Depths:4 | Killed from afar by a purple draconian

Illustrated notes

Levels and vault maps discovered:
D:1:      amcnicky_arrival_single_pillar, layout_basic
D:2:      layout_rooms, serial_shops, shop, columned_hall_lemuel
D:3:      layout_loops_cross, minmay_rat_hole, uniq_ijyb
D:4:      layout_loops_ring, lemuel_crystal_altar, uniq_blork_the_orc
D:5:      minmay_octagon_keep, layout_cave_pods,
          nicolae_qazlal_scattered_showers, mainiacjoe_overflow_six_doors_small,
          serial_bayou_pond_b, serial_bayou_lake_a
D:6:      layout_basic, mainiacjoe_overflow_brackets,
          nicolae_overflow_hallway_of_the_gods, temple_fountains
D:7:      layout_gridville, old_standard_altar, nicolae_the_louvre
D:8:      layout_rooms, erik_lair_orcish_takeover
D:9:      layout_cave_pools, eat_drink_and_be_merry_uskayaw,
          nemelex_xobeh_ov_fountains_minmay, david_orc_5, special_room
          [special_room_orc], st_stairs_6, wad_dig_loot
D:10:     layout_basic, minivault_16, kennysheep_boxes
D:11:     layout_loops_ring, minivault_1
D:12:     layout_rooms, uniq_azrael
D:13:     layout_roguey, nicolae_vehumet_radiance, uniq_jorgrun
D:14:     minmay_octo_star, layout_basic, david_vaults_3,
          nicolae_ru_the_path_less_chosen
D:15:     grunt_enter_depths_hoard, layout_basic, grunt_decor_arrowhead
Temple:   jpeg_temple_island
Lair:1:   layout_regular_city, chequers_serial_rivers_small_a,
          grunt_megastairs_2
Lair:2:   layout_roguey, spider_nest_entry_rubble, special_room
          [special_room_bee], enter_volcano_1, grunt_megastairs_4, uniq_harold
Lair:3:   layout_gridlike, swamp_mist_pool, chequers_serial_rivers_room_b,
          dreamdust_gnoll_shepherd, lemuel_fruit_tree
Lair:4:   layout_cave_pods, slime_entry_1, gammafunk_ghost_berserking_beasts,
          forest_entry_grove
Lair:5:   wormcave, layout_cave_pods, guppyfry_lair_end_dragon,
          hangedman_lair_unloving_vines, lemuel_fruit_fields, uniq_sonja
Swamp:1:  layout_basic_swamp, hangedman_swamp_ruin_wall, swamp_pool_1_2,
          cheibrodos_swamp_pet_leeches
Swamp:2:  layout_basic_swamp, evilmike_swamp_ruin_rubble_1
Swamp:3:  layout_falls_marsh, evilmike_swamp_ruin_house_4
Swamp:4:  swamp_basic_johnstein, layout_basic_swamp, swamp_pool_1_2
Spider:1: nicolae_spider_mines_3, nicolae_spider_solar_radiation
Spider:2: layout_spider_delve
Spider:3: nicolae_spider_hilbert_zone_1 [nicolae_spider_hilbert_4_sides_1_open,
          nicolae_spider_hilbert_4_sides_1_open,
          nicolae_spider_hilbert_4_sides_1_open,
          nicolae_spider_hilbert_4_sides_1_open,
          nicolae_spider_hilbert_3_sides_1_open,
          nicolae_spider_hilbert_3_sides_1_open,
          nicolae_spider_hilbert_3_sides_1_open,
          nicolae_spider_hilbert_3_sides_1_open,
          nicolae_spider_hilbert_3_sides_1_open,
          nicolae_spider_hilbert_6_sides_1_open,
          nicolae_spider_hilbert_6_sides_1_open,
          nicolae_spider_hilbert_3_sides_1_open,
          nicolae_spider_hilbert_3_sides_1_open,
          nicolae_spider_hilbert_3_sides_1_open,
          nicolae_spider_hilbert_3_sides_1_open,
          nicolae_spider_hilbert_2_sides_1_open],
          portal_ice_cave_entry_pillars_four, uniq_louise
Spider:4: grunt_spider_rune_parallel, nicolae_orb_island
Orc:1:    layout_caves, serial_shops, nicolae_shop_pleasant_corner_grove
Orc:2:    grunt_orc_community_town_hall, layout_caves,
          grunt_orc_community_big_house_1, grunt_orc_community_big_house_2,
          grunt_orc_community_house_2, grunt_orc_community_house_1,
          grunt_orc_community_house_2, grunt_orc_community_house_3,
          grunt_orc_community_house_3, grunt_orc_community_house_2, uniq_donald
Vaults:1: nicolae_vaults_storage_closets_1, nicolae_vaults_theta,
          vaults_room_octagon, nicolae_vaults_network_s,
          nicolae_vaults_ellipses_ellipsis, nicolae_vaults_trapezoid_2,
          nicolae_vaults_tangram_1, nicolae_vaults_closet_pinwheel_3,
          nicolae_vaults_network_periphery, lightli_orcish_oven,
          nicolae_vaults_trapezoid_lopsided_1,
          nicolae_vaults_security_offices_1, vaults_room_pools,
          grunt_vaults_hallway_short, nicolae_vaults_house_1, layout_vaults_ring
Vaults:2: hangedman_vaults_river_flow, v_pattern_3, nicolae_vaults_two_Ls,
          vaults_room_pool, vaults_room_corners, hangedman_vaults_snaps,
          nicolae_vaults_alarming, v_misc_29, vaults_room_semicircle,
          nicolae_vaults_trapezoid_lopsided_1, nicolae_vaults_tetromino_L_1,
          nicolae_vaults_tetromino_Z_1, layout_vaults_omnigrid, uniq_norris
Vaults:3: nicolae_vaults_little_squares_4, nicolae_vaults_tangram_2, v_misc_32,
          ontoclasm_vaults_ring_square, nicolae_vaults_door_testing_chamber,
          hangedman_vaults_maws, minmay_crypt_entry_simple_box,
          nicolae_vaults_little_squares_6, ontoclasm_vaults_gateway,
          nicolae_vaults_shelves_hall, nicolae_vaults_little_squares_2,
          vaults_room_fancy_cross, nicolae_vaults_sesquioval_fish,
          serial_library_hellmonk_semicircle, nicolae_vaults_cochlea,
          vaults_standard_mumra_lines, vaults_room_corners,
          layout_vaults_maze_bifur, serial_shops, nicolae_shop_gaudy_bauble
Vaults:4: nicolae_vaults_little_squares_4, nicolae_vaults_oval_intersection,
          nicolae_vaults_know_your_exits, grunt_vaults_twisty,
          nicolae_vaults_what_the_h, ontoclasm_vaults_chip,
          nicolae_vaults_tetromino_Z_2, layout_vaults_omnicross, serial_shops,
          shop
Depths:1: layout_gridville, pf_dread_powers_of_hell,
          minmay_fractal_squares_diagonal_5, uniq_nikola
Depths:2: kennysheep_large_spiral, layout_twisted_cross, grunt_pan_entry_zigzag,
          minmay_misc_feat_plants, hell_entry, kennysheep_cross_room,
          minmay_staircase_statues
Depths:3: nzn_winding_woodlands_cross [nzn_winding_woodlands_5x15_default,
          nzn_winding_woodlands_5x15_longhouse,
          nzn_winding_woodlands_5x15_river_crossing,
          nzn_winding_woodlands_5x15_sidewinder,
          nzn_winding_woodlands_15x15_killbox], layout_basic, enter_ziggurat_d,
          abyss_entry_flame_altar, serial_shops, nicolae_shop_window_shopping,
          grunt_metal_band, grunt_pan_entry_sceptre,
          hangedman_abyss_or_decor_jellyfish_corner,
          eino_small_chamber_without_monster, minmay_misc_feat_five,
          corexii_corridor_pit
Depths:4: evilmike_zot_entry_argh, layout_gridville, pf_coc_iceberg,
          abyss_entry_glasseish, hex_tiny, nicolae_shop_i_like_small_books_too,
          minmay_shoptagon

Skill      XL: |  1  2  3  4  5  6  7  8  9 10 11 12 13 14 15 16 17 18 19 20 21 22 |
---------------+-------------------------------------------------------------------+-----
Stealth        | 1 2 3 4 5 7 9 11 12 14 15 16 17 19 20 | 20.1
Fighting       | 2 3 4 5 6 8 9 10 11 12 13 14 15 | 15.1
Unarmed Combat | 4 5 6 7 8 10 12 13 15 16 17 18 19 21 | 21.0
Dodging        | 3 4 5 7 8 9 10 11 12 13 14 15 | 15.2
Shapeshifting  | 4 6 9 13 15 16 17 18 | 18.0
Evocations     | 2 5 7 8 9 11 12 | 12.4

Action                     |  1- 3 |  4- 6 |  7- 9 | 10-12 | 13-15 | 16-18 | 19-21 | 22-24 || total
---------------------------+-------+-------+-------+-------+-------+-------+-------+-------++-------
  Melee: Unarmed           |    33 |   123 |   205 |   576 |   829 |   756 |   773 |    10 ||  3305
         Constrict         |    10 |    33 |    75 |   115 |   115 |   135 |   110 |     2 ||   595
         Tentacles         |     9 |    22 |    59 |   141 |   180 |   167 |   213 |     4 ||   795
         Punch             |     1 |     3 |    16 |    33 |    65 |    80 |   127 |     1 ||   326
         Maw               |       |       |       |    11 |       |       |       |       ||    11
  Throw: Throwing net      |       |       |       |       |     2 |       |       |       ||     2
 Invoke: Call Merchant     |       |       |       |     1 |       |       |       |       ||     1
         Potion Petition   |       |       |       |       |     2 |     3 |     3 |       ||     8
  Evoke: Wand              |       |       |     3 |    15 |     4 |    14 |     1 |       ||    37
    Use: Scroll            |       |       |     7 |    13 |    13 |    10 |     2 |     2 ||    47
         Potion            |       |       |     3 |     4 |     6 |     7 |     3 |       ||    23
   Stab: Sleeping          |     5 |     9 |    11 |    11 |    12 |    20 |    42 |       ||   110
         Paralysed         |       |       |     3 |    33 |       |     6 |       |       ||    42
         Distracted        |       |       |       |     4 |    14 |    14 |    14 |       ||    46
         Invisible         |       |       |       |     1 |       |     1 |     7 |       ||     9
         Confused          |       |       |       |       |     1 |       |       |       ||     1
 Armour: Skin              |    23 |    28 |    57 |   168 |   536 |   702 |   333 |    16 ||  1863
  Dodge: Dodged            |    16 |    89 |   145 |   533 |  1255 |  1390 |   921 |    25 ||  4374
  Block: Other             |       |       |       |    50 |   256 |   210 |   142 |     1 ||   659
         Reflection        |       |       |       |       |    17 |     3 |    10 |       ||    30
   Form: Beast             |       |       |       |     1 |       |       |       |       ||     1
         Maw               |       |       |       |     1 |       |       |       |       ||     1
         Blade             |       |       |       |     1 |       |       |       |       ||     1
         Statue            |       |       |       |       |     1 |       |       |       ||     1

Table legend: (Time is in decaauts)
 A = Elapsed time spent in this place.
 B = Non-inter-level travel time spent in this place.
 C = Inter-level travel time spent in this place.
 D = Time resting spent in this place.
 E = Time spent auto-exploring this place.
 F = Levels seen in this place.
 G = Mean time per level.
                   A        B        C        D        E       F      G
               +--------+--------+--------+--------+--------+-----+--------+
         Total |  55029 |  51657 |   3372 |   9317 |  32227 |  40 | 1375.7 |
       Dungeon |  17435 |  16073 |   1362 |   2700 |  10676 |  15 | 1162.3 |
        Temple |      1 |      1 |      0 |      0 |      0 |   1 |    1.0 |
          Lair |   9111 |   8272 |    839 |   1794 |   4717 |   5 | 1822.2 |
         Swamp |   5374 |   5057 |    317 |   1502 |   2737 |   4 | 1343.5 |
   Spider Nest |   7559 |   7321 |    238 |   2103 |   3448 |   4 | 1889.8 |
  Orcish Mines |   2517 |   2383 |    134 |    248 |   1492 |   2 | 1258.5 |
        Vaults |   7272 |   6835 |    437 |     63 |   5691 |   4 | 1818.0 |
        Depths |   5478 |   5436 |     42 |    906 |   3464 |   4 | 1369.5 |
         Abyss |    279 |    279 |      0 |      0 |      0 |   1 |  279.0 |
               +--------+--------+--------+--------+--------+-----+--------+

Top non-repeatable levels by time:
Depths:3: 2910 daAuts
    D:14: 2464 daAuts
  Lair:5: 2437 daAuts
Spider:4: 2242 daAuts
Spider:3: 2233 daAuts
Vaults:2: 2072 daAuts
Spider:2: 1917 daAuts
Vaults:1: 1912 daAuts
Depths:2: 1891 daAuts
  Lair:1: 1879 daAuts
  Lair:2: 1830 daAuts
 Swamp:2: 1759 daAuts
Vaults:3: 1741 daAuts
 Swamp:4: 1634 daAuts
   Orc:2: 1566 daAuts
